 Dungeon Crawl Stone Soup version 0.21-a0-221-gfe971b9 (webtiles) character file.

5716 Lavandula the Grappler (level 10, -6/83 HPs)
             Began as a Ghoul Warper on Aug 24, 2017.
             Was an Elder of Cheibriados.
             Mangled by a very large slime creature (60 damage)
             ... on level 12 of the Dungeon.
             The game lasted 00:39:36 (4725 turns).

Lavandula the Grappler (Ghoul Warper)               Turns: 4725, Time: 00:39:36

Health: -6/83      AC:  6    Str: 25    XL:     10   Next: 76%
Magic:  2/15       EV: 15    Int: 24    God:    Cheibriados [****..]
Gold:   306        SH:  0    Dex: 19    Spells: 3/17 levels left

rFire    . . .     SeeInvis .     - Unarmed
rCold    + . .     Gourm    .   (no shield)
rNeg     + + +     Faith    .   B - +1 ring mail {rPois}
rPois    ∞         Spirit   .   (no helmet)
rElec    .         Reflect  .   D - scarf {repulsion}
rCorr    .         Harm     .   (no gloves)
MR       .....                  (no boots)
Stlth    ++........             (no amulet)
HPRegen  0.00/turn              v - ring of stealth
MPRegen  0.14/turn              n - +6 ring of intelligence

@: rotting, repel missiles, very slow
A: rotting body, claws 1, carnivore 3, cold resistance 1, negative energy
resistance 3, inhibited regeneration, torment resistance, unbreathing
a: Bend Time, Temporal Distortion, Slouch, Renounce Religion


You were on level 12 of the Dungeon.
You worshipped Cheibriados.
Cheibriados was greatly pleased with you.
You were not hungry.

You visited 2 branches of the dungeon, and saw 13 of its levels.

You collected 431 gold pieces.
You spent 125 gold pieces at shops.

Inventory:

Hand Weapons
 l - the +7 short sword "Hydra's Nightmare" {protect, rElec rC+ Str-2}
   (You found it on level 10 of the Dungeon)

   It protects the one who uses it against injury (+AC on strike).
   It affects your strength (-2).
   It protects you from cold.
   It insulates you from electricity.
 s - the +3 war axe "Qoelo" {freeze, SInv}
   (You found it on level 4 of the Dungeon)

   It has been specially enchanted to freeze those struck by it, causing extra
   injury to most foes and up to half again as much damage against particularly
   susceptible opponents.
   It can also slow down cold-blooded creatures.
   It lets you see invisible.
 E - a +1 war axe of chopping
Missiles
 d - 5 tomahawks of dispersal
 r - a throwing net
 t - 3 silver tomahawks (quivered)
Armour
 a - a +0 leather armour
 i - a +2 pair of gloves
 p - a +0 robe of magic resistance
 u - a +0 ring mail
 y - a +0 scale mail
 B - a +1 ring mail of poison resistance (worn)
 D - a scarf of repulsion (worn)
Jewellery
 g - an uncursed ring of stealth
 n - a +6 ring of intelligence (right claw)
 v - a ring of stealth (left claw)
 C - an uncursed ring of flight
Wands
 x - a wand of scattershot (2/9)
Scrolls
 c - a scroll of fog
 e - 4 scrolls of remove curse
 h - a scroll of teleportation
 j - 6 scrolls of magic mapping
 k - a scroll of identify
 m - 2 scrolls of enchant armour
 w - a scroll of amnesia
Potions
 A - a potion of curing
Books
 b - a book of Spatial Translocations

   Spells                             Type                      Level
   a - Blink                          Translocation                2
   b - Shroud of Golubria             Charms/Translocation         2
   c - Lesser Beckoning               Translocation                3
   d - Gell's Gravitas                Translocation                3
   e - Teleport Other                 Translocation                3
   f - Passage of Golubria            Translocation                4
 q - a book of Cantrips

   Spells                             Type                      Level
   a - Confusing Touch                Hexes                        1
   b - Animate Skeleton               Necromancy                   1
   c - Summon Small Mammal            Summoning                    1
   d - Apportation                    Translocation                1
Comestibles
 f - 7 meat rations
 o - 4 chunks of flesh
 z - 12 royal jellies


   Skills:
 - Level 5.6 Fighting
 - Level 0.8 Throwing
 - Level 0.8 Armour
 - Level 6.0 Dodging
 - Level 11.1 Unarmed Combat
 - Level 4.4 Spellcasting
 - Level 3.4 Hexes
 - Level 2.0 Charms
 + Level 6.0 Translocations


You had 3 spell levels left.
You knew the following spells:

 Your Spells              Type           Power        Failure   Level  Hunger
a - Blink                 Tloc           N/A          1%          2    None
b - Shroud of Golubria    Chrm/Tloc      ###.......   4%          2    None
c - Passage of Golubria   Tloc           N/A          12%         4    ####...
d - Lesser Beckoning      Tloc           ####......   3%          3    ##.....
e - Confusing Touch       Hex            ###...       3%          1    None
f - Animate Skeleton      Necr           N/A          14%         1    None
g - Apportation           Tloc           ####..       1%          1    None


Dungeon Overview and Level Annotations

Branches:
Dungeon (12/15)            Temple (1/1) D:4            Lair (0/6) D:11
    Orc (0/2) D:11

Altars:
Cheibriados
Dithmenos
Gozag
Hepliaklqana
Kikubaaqudgha
Makhleb
Qazlal
Ru
Trog
Uskayaw
Vehumet
Xom
The Shining One

Shops:
D:6 *

Annotations:
D:5 Sigmund
D:7 Joseph
D:8 skelma's ghost, novice DsBe
D:9 exclusions: phantom and troll
D:10 exclusion: killer bee


Innate Abilities, Weirdness & Mutations

Your body is rotting away.
You thrive on raw meat.
You are immune to poison.
You have sharp fingernails.
You are carnivorous and can eat meat at any time.
Your flesh is cold resistant. (rC+)
You are immune to negative energy. (rN+++)
You do not regenerate when monsters are visible.
You are immune to unholy pain and torment.
You can survive without breathing.


Message History

Casting: Blink
Confirm with . or Enter, or press ? or * to list all spells.
You blink.
Unknown command.
Casting: Blink
Confirm with . or Enter, or press ? or * to list all spells.
Aiming: Passage of Golubria
Press: ? - help, Dir - move target cursor
Casting: Passage of Golubria
Confirm with . or Enter, or press ? or * to list all spells.
Aiming: Passage of Golubria
Press: ? - help, Dir - move target cursor
Casting: Passage of Golubria
Confirm with . or Enter, or press ? or * to list all spells.
Okay, then.
Unknown command.
The very large slime creature hits you!
The very large slime creature hits you!!!
Ouch! That really hurt!
You die...

#.####.......#
#............#
##########h###
#>..# ###.#####
#.^.....#
#.<.^...#######
#.....Jh.......
#...^.J@#######
#..$...^#
#.......#
#########


You could see a very large slime creature, a black bear and a jelly.

Vanquished Creatures
  Erica (D:11)
  A gargoyle (D:11)
  A slime creature (D:12)
  A hippogriff (D:11)
  A wraith (D:11)
  3 yaks
  Grum (D:11)
  A hungry ghost (D:10)
  Menkaure (D:9)
  A soldier ant (D:11)
  3 orc warriors
  3 ice beasts
  3 ogres
  A black bear (D:9)
  2 wolves (D:11)
  4 centaurs
  A big kobold (D:11)
  4 bullfrogs
  3 scorpions
  8 wights
  5 howler monkeys
  3 centaur zombies
  4 jellies
  An orc priest (D:11)
  4 hounds
  A bullfrog skeleton (D:11)
  2 iguanas
  2 orc wizards (D:11)
  3 worker ants
  A hound zombie (D:11)
  A hound skeleton (D:7)
  A gnoll (D:9)
  5 adders
  8 oozes
  An adder skeleton (D:4)
  An adder zombie (D:8)
  A worm (D:3)
  2 dart slugs (D:1)
  7 leopard geckos
  13 orcs
  5 bats
  3 giant cockroaches
  3 goblins
  4 hobgoblins
  13 jackals
  4 quokkas
  A ball python (D:4)
  A frilled lizard (D:3)
  A jackal skeleton (D:5)
  3 kobolds
  A quokka zombie (D:6)
  4 rats
153 creatures vanquished.

Vanquished Creatures (collateral kills)
  2 orcs (D:11)
2 creatures vanquished.

Grand Total: 155 creatures vanquished

Notes
Turn   | Place    | Note
-------+----------+-------------------------------------------
     0 | D:1      | Lavandula the Ghoul Warper began the quest for the Orb.
     0 | D:1      | Reached XP level 1. HP: 17/17 MP: 2/2
    66 | D:1      | Reached skill level 3 in Unarmed Combat
    66 | D:1      | Reached XP level 2. HP: 20/24 MP: 3/3
   264 | D:2      | Reached XP level 3. HP: 13/29 MP: 4/4
   300 | D:3      | Reached skill level 4 in Unarmed Combat
   348 | D:3      | Learned a level 2 spell: Blink
   351 | D:3      | Learned a level 2 spell: Shroud of Golubria
   396 | D:3      | Reached XP level 4. HP: 21/36 MP: 5/5
   426 | D:3      | Reached skill level 5 in Unarmed Combat
   532 | D:3      | Reached XP level 5. HP: 35/42 MP: 6/6
   697 | D:4      | Got a slimy war axe
   698 | D:4      | Identified the +3 war axe "Qoelo" {freeze, SInv} (You found it on level 4 of the Dungeon)
   749 | D:4      | Found a staircase to the Ecumenical Temple.
   757 | Temple   | Entered the Ecumenical Temple
   769 | Temple   | Became a worshipper of Cheibriados the Contemplative
   826 | D:4      | Found a radiant altar of Vehumet.
   829 | D:4      | Found a shadowy altar of Dithmenos.
   859 | D:4      | Found a glowing golden altar of the Shining One.
   919 | D:5      | Entered Level 5 of the Dungeon
   919 | D:5      | Noticed a centaur
   927 | D:5      | Killed a centaur
   927 | D:5      | Reached XP level 6. HP: 47/55 MP: 7/7
   984 | D:5      | Noticed an ice beast
  1000 | D:5      | Killed an ice beast
  1000 | D:5      | Reached skill level 5 in Fighting
  1155 | D:5      | Reached XP level 7. HP: 62/62 MP: 6/8
  1204 | D:5      | Noticed Sigmund
  1377 | D:6      | Found a sacrificial altar of Ru.
  1429 | D:6      | Learned a level 4 spell: Passage of Golubria
  1495 | D:6      | Found Nije's Assorted Antiques.
  1515 | D:6      | Reached * piety under Cheibriados
  1523 | D:6      | Reached skill level 6 in Unarmed Combat
  1546 | D:6      | Bought a runed citrine amulet for 125 gold pieces
  1812 | D:7      | Reached skill level 7 in Unarmed Combat
  1839 | D:7      | Noticed Menkaure
  1961 | D:6      | Reached XP level 8. HP: 59/68 MP: 9/9
  1977 | D:7      | Learned a level 1 spell: Apportation
  1979 | D:7      | Learned a level 1 spell: Confusing Touch
  2050 | D:6      | Found a burning altar of Makhleb.
  2230 | D:7      | Noticed Joseph
  2380 | D:8      | Noticed skelma's ghost (novice DsBe)
  2639 | D:8      | Noticed Erica
  2654 | D:8      | Reached ** piety under Cheibriados
  2669 | D:8      | HP: 2/68 [acid (8)]
  2959 | D:8      | Learned a level 1 spell: Animate Skeleton
  2963 | D:8      | Learned a level 3 spell: Lesser Beckoning
  3088 | D:9      | Found a bloodstained altar of Trog.
  3108 | D:9      | Reached skill level 1 in Hexes
  3233 | D:9      | Noticed a yak
  3233 | D:9      | Noticed a yak
  3263 | D:9      | Killed a yak
  3263 | D:9      | Reached XP level 9. HP: 37/75 MP: 14/14
  3282 | D:9      | Reached skill level 8 in Unarmed Combat
  3290 | D:9      | Killed Menkaure
  3377 | D:9      | Noticed a troll
  3514 | D:10     | Entered Level 10 of the Dungeon
  3525 | D:10     | Got a jewelled short sword
  3526 | D:10     | Identified the +7 short sword "Hydra's Nightmare" {protect, rElec rC+ Str-2} (You found it on level 10 of the Dungeon)
  3544 | D:10     | Reached skill level 9 in Unarmed Combat
  3752 | D:10     | Reached *** piety under Cheibriados
  3821 | D:10     | Reached skill level 10 in Unarmed Combat
  3898 | D:9      | Paralysed by a gnoll for 2 turns
  3903 | D:9      | Paralysed by a gnoll for 7 turns
  4009 | D:11     | Reached skill level 11 in Unarmed Combat
  4093 | D:11     | Reached XP level 10. HP: 83/83 MP: 13/15
  4147 | D:11     | Noticed Grum
  4150 | D:11     | Noticed a gargoyle
  4175 | D:11     | Killed Grum
  4175 | D:11     | Reached skill level 5 in Dodging
  4230 | D:11     | Killed a gargoyle
  4365 | D:11     | Found a staircase to the Lair.
  4388 | D:11     | Found a staircase to the Orcish Mines.
  4479 | D:11     | Reached **** piety under Cheibriados
  4576 | D:11     | Killed Erica
  4576 | D:11     | Reached skill level 5 in Translocations
  4725 | D:12     | Mangled by a very large slime creature

Vault maps used:
D:1:      minmay_arrival_three_doors
D:2:      serial_bayou_pond_b, corner_web_ring
D:3:      dk_noncrumbling_4, minmay_box_of_dots
D:4:      grunt_temple_overflow_open, gammafunk_temple_overflow_elements,
          temple_green
D:5:      serial_glass, glass_columns_a, glass_columns_a, glass_columns_a,
          first_bread, fedhas_altar_fruit_tree, uniq_eustachio, uniq_sigmund
D:6:      overflow_temple_1_default, serial_shops, shop,
          corexii_leaking_fountain, minivault_4, makhleb_heckhound_becter
D:7:      kennysheep_windowed_goal, uniq_joseph, uniq_menkaure
D:8:      hangedman_little_slice_of_home, uniq_erica
D:9:      basic_altar
D:11:     lair_entry_dummy, orc_0_dummy, minmay_misc_feat_enclosed,
          kennysheep_generic_room_6, uniq_grum
D:12:     minmay_fountain_box
Temple:   eino_temple_rhombus

Skill      XL: |  1  2  3  4  5  6  7  8  9 10 |
---------------+-------------------------------+-----
Unarmed Combat | 3 4 5 7 11 | 11.1
Fighting       | 4 5 |  5.6
Charms         | 2 |  2.0
Dodging        | 2 4 6 |  6.0
Spellcasting   | 4 |  4.4
Hexes          | 3 |  3.4
Translocations | 6 |  6.0
Throwing       | |  0.8
Armour         | |  0.8

Action                   |  1- 3 |  4- 6 |  7- 9 | 10-12 || total
-------------------------+-------+-------+-------+-------++-------
Melee: Unarmed           |   118 |   129 |   297 |   113 ||   657
       Punch             |       |     1 |    13 |    12 ||    26
Throw: Tomahawk          |       |     3 |     4 |     1 ||     8
 Cast: Shroud of Golubri |       |     3 |    28 |     9 ||    40
       Confusing Touch   |       |       |     7 |     3 ||    10
       Blink             |       |       |     2 |     4 ||     6
       Animate Skeleton  |       |       |     2 |     8 ||    10
       Apportation       |       |       |       |     5 ||     5
       Passage of Golubr |       |       |       |     3 ||     3
Evoke: Wand              |       |       |     5 |       ||     5
  Use: Scroll            |       |     2 |    13 |     1 ||    16
       Potion            |       |       |     4 |     2 ||     6
 Stab: Sleeping          |       |       |     6 |     1 ||     7
       Confused          |       |       |     4 |     1 ||     5
  Eat: Chunk             |    14 |    17 |    35 |    15 ||    81
Armor: Leather armour    |    33 |    12 |       |       ||    45
       Ring mail         |       |       |    87 |    17 ||   104
Dodge: Dodged            |    72 |    64 |   155 |    55 ||   346
       Deflected         |       |       |     4 |     5 ||     9

Table legend:
 A = Spawn XP
 B = Non-spawn XP
 C = Spawn XP percentage of total XP
 D = Spawn monster count
 E = Non-spawn monster count
 F = Spawn count percentage of total count
 G = Total turns spent on level
                    A         B        C        D         E        F      G
               +---------+---------+-------+---------+---------+-------+---------
         Total |     445 |    7722 |   5.4 |      16 |     139 |  10.3 |  4725
               +---------+---------+-------+---------+---------+-------+---------
           D:1 |       0 |      26 |   0.0 |       0 |      12 |   0.0 |   167
           D:2 |       0 |      18 |   0.0 |       0 |       4 |   0.0 |   122
           D:3 |       2 |     164 |   1.2 |       2 |      23 |   8.0 |   359
           D:4 |       0 |      67 |   0.0 |       0 |       5 |   0.0 |   247
           D:5 |       0 |     387 |   0.0 |       0 |      10 |   0.0 |   435
           D:6 |       0 |     645 |   0.0 |       0 |      12 |   0.0 |   711
           D:7 |     234 |     142 |  62.2 |       4 |       7 |  36.4 |   618
           D:8 |       0 |     249 |   0.0 |       0 |      11 |   0.0 |   407
           D:9 |      36 |    1010 |   3.4 |       1 |      13 |   7.1 |   476
          D:10 |       0 |    1126 |   0.0 |       0 |      12 |   0.0 |   417
          D:11 |     173 |    3448 |   4.8 |       9 |      26 |  25.7 |   670
          D:12 |       0 |     440 |   0.0 |       0 |       4 |   0.0 |    72
               +---------+---------+-------+---------+---------+-------+---------
